 Dungeon Crawl Stone Soup version 0.13.1-28-g3517093 (console) character file.

238 Magician the Chopper (level 5, -3/47 HPs)
             Began as a Minotaur Berserker on Mar 8, 2014.
             Was a Believer of Trog.
             Splashed by a jelly's acid (14 damage)
             ... on Level 4 of the Dungeon.
             The game lasted 00:03:45 (674 turns).

Magician the Chopper (Minotaur Berserker)            Turns: 674, Time: 00:03:48

HP  -3/47        AC  5     Str 22      XL: 5   Next: 18%
MP   1/1         EV  7     Int  4      God: Trog [**....]
Gold 77          SH 14     Dex 10      Spells:  0 memorised,  4 levels left

Res.Fire  : . . .   See Invis. : .   a - +0 hand axe {=f}
Res.Cold  : . . .   Warding    : .   e - +0 ring mail
Life Prot.: . . .   Conserve   : .   n - -1 shield
Res.Poison: .       Res.Corr.  : .   (helmet restricted)
Res.Elec. : .       Clarity    : .   (no cloak)
Sust.Abil.: . .     Spirit.Shd : .   (no gloves)
Res.Mut.  : .       Stasis     : .   (no boots)
Res.Rott. : .       Flight     : .   (no amulet)
Saprovore : . . .                    (no ring)
                                     (no ring)

@: mildly poisoned, slightly resistant to hostile enchantments, extremely
unstealthy
A: retaliatory headbutt, horns 2
a: Burn Spellbooks, Berserk, Trog's Hand, Renounce Religion


You were on level 4 of the Dungeon.
You worshipped Trog.
Trog was pleased with you.
You were near starving.

You visited 1 branch of the dungeon, and saw 5 of its levels.

You collected 57 gold pieces.

Inventory:

Hand weapons
 a - a +0,+0 hand axe (weapon) {=f}
Missiles
 f - a throwing net (quivered)
Armour
 b - a +0 animal skin
 e - a +0 ring mail (worn)
 n - a -1 shield (worn)
Comestibles
 c - 2 bread rations
Scrolls
 g - a scroll of identify {unknown}
 h - 2 scrolls of random uselessness {unknown}
 k - a scroll of blinking {unknown}
 l - a scroll of remove curse {unknown}
Potions
 d - a potion of curing {unknown}
 i - a potion of poison {unknown}
 j - a potion of restore abilities {unknown}
 m - a potion of degeneration {unknown}
 o - a potion of might {unknown}


   Skills:
 + Level 5.0 Fighting
 * Level 6.2 Axes
 - Level 2.4 Armour
 - Level 2.1 Dodging


You had 4 spell levels left.
You didn't know any spells.

Dungeon Overview and Level Annotations

Branches:
Dungeon (5/27)
 Temple: D:4-7

Altars:


Innate Abilities, Weirdness & Mutations

You reflexively headbutt those who attack you in melee.
You have a pair of horns on your head.


Message History

A jelly comes into view.
There is a stone staircase leading down here.
You block the orc's attack. The worker ant bites you.
You climb downwards.
There is a stone staircase leading up here.
You closely miss the orc. Your headbutt misses the orc.
You block the orc's attack.
You hit the orc. You headbutt the orc!
You kill the orc!
Trog accepts your kill.
You see here an orcish mace.
There is a stone staircase leading up here.
You feel sick.
You climb upwards.
The jelly hits you but does no damage. The worker ant bites you.
* * * LOW HITPOINT WARNING * * *
The jelly hits you.
* * * LOW HITPOINT WARNING * * *
You are splashed with acid!
The acid corrodes your +0 shield!
The acid burns!
You die...

.. ...##########
.............
#...........
#...........
##..#.zJ.........
....?...@a.......
###.#............
....###.#######
... ..# # #.# .
... .#.. ...
.#... ... .#....
..[


You could see a jelly, a worker ant and a hobgoblin skeleton.

Vanquished Creatures
  A crimson imp (D:5)
  A hound (D:4)
  A water moccasin skeleton (D:5)
  3 adders
  A giant mite (D:5)
  A worm (D:2)
  An adder skeleton (D:4)
  2 giant geckos (D:2)
  2 orcs
  A giant cockroach (D:4)
  A goblin (D:2)
  4 hobgoblins
  2 kobolds
  2 ball pythons
  2 giant newts
  A quokka skeleton (D:4)
  2 rats (D:5)
28 creatures vanquished.

Notes
Turn   | Place    | Note
--------------------------------------------------------------
     0 | D:1      | Magician, the Minotaur Berserker, began the quest for the Orb.
     0 | D:1      | Reached XP level 1. HP: 19/19 MP: 0/0
    48 | D:2      | Reached skill level 4 in Axes
   166 | D:2      | Reached XP level 2. HP: 20/26 MP: 0/0
   246 | D:2      | Reached XP level 3. HP: 7/33 MP: 1/1
   491 | D:4      | Reached skill level 5 in Axes
   501 | D:4      | Reached XP level 4. HP: 19/40 MP: 1/1
   552 | D:5      | Entered Level 5 of the Dungeon
   591 | D:5      | Acquired Trog's second power
   613 | D:5      | Reached skill level 5 in Fighting
   613 | D:5      | Reached skill level 6 in Axes
   613 | D:5      | Reached XP level 5. HP: 17/47 MP: 1/1
   674 | D:4      | Splashed by a jelly's acid

Action                   |  1- 3 |  4- 6 || total
-------------------------+-------+-------++-------
Melee: Hand axe          |    57 |    35 ||    92
Invok: Berserk           |     1 |     1 ||     2
       Trog's Hand       |       |     1 ||     1
